 Dungeon Crawl Stone Soup version 0.28-a0-239-g68911e0c57 (webtiles) character file.

Game seed: 3242881487962652389

7525 robertstho the Thaumaturge (level 11, -8/68 HPs)
             Began as a Djinni Fire Elementalist on Aug 23, 2021.
             Was an Elder of Elyvilon.
             Mangled by a two-headed ogre (10 damage)
             ... on level 10 of the Dungeon.
             The game lasted 00:17:47 (14814 turns).

robertstho the Thaumaturge (DjFE)                  Turns: 14814, Time: 00:17:49

Health: -8/68      AC:  8    Str:  7    XL:     11   Next: 38%
Gold:   438        EV: 13    Int: 21    God:    Elyvilon [****..] SH:  0 Dex: 13

rFire   + + .      SeeInvis +   y - +4 scimitar
rCold   x . .      Faith    .   (no shield)
rNeg    + . .      Spirit   .   n - +0 robe {rN+}
rPois   ∞          Reflect  .   g - +2 helmet
rElec   .          Harm     .   M - +0 cloak {Stlth+}
rCorr   .          Rampage  .   e - +1 pair of gloves
Will    +....                   (boots unavailable)
Stlth   ++++......              (no amulet)
HPRegen 0.21/turn               D - +4 ring of protection
MPRegen 0.00/turn               v - ring of see invisible

@: corroded, flying
A: sickness immunity, fire resistance 2, cold vulnerability 1, float, innate
caster, hp casting, extra vitality 1
a: Renounce Religion, Lesser Healing, Heal Other, Purification, Greater Healing,
Divine Protection


You were on level 10 of the Dungeon.
You worshipped Elyvilon.
Elyvilon was greatly pleased with you.
You visited 2 branches of the dungeon, and saw 11 of its levels.
You also visited: Sewer and Bailey.

You collected 474 gold pieces.
You spent 36 gold pieces at shops.

Inventory:

Hand Weapons
 y - a +4 scimitar (weapon)
Missiles
 h - 307 stones
Armour
 e - a +1 pair of gloves (worn)
 g - a +2 helmet (worn)
 n - a +0 robe of positive energy (worn)
 G - +0 acid dragon scales
 M - a +0 cloak of stealth (worn)
Magical Staves
 d - a staff of cold
Jewellery
 u - a ring of resist corrosion
 v - a ring of see invisible (right hand)
 D - a +4 ring of protection (left hand)
Wands
 f - a wand of iceblast (3)
 s - a wand of mindburst (18)
 F - a wand of charming (6)
 H - a wand of flame (20)
 I - a wand of acid (10)
Scrolls
 b - 3 scrolls of teleportation {unknown}
 i - 2 scrolls of enchant armour {unknown}
 j - 3 scrolls of fear {unknown}
 r - 2 scrolls of immolation {unknown}
 t - 2 scrolls of fog
 A - 2 scrolls of torment {unknown}
 B - 2 scrolls of vulnerability
 J - 3 scrolls of enchant weapon
 L - a scroll of summoning
Potions
 a - 2 potions of brilliance
 c - a potion of might {unknown}
 k - 3 potions of ambrosia {unknown}
 l - a potion of resistance {unknown}
 m - 2 potions of flight {unknown}
 o - 3 potions of heal wounds
 p - 4 potions of curing
 q - 2 potions of mutation {unknown}
 w - a potion of experience {unknown}
 x - a potion of cancellation {unknown}
 z - 2 potions of haste {unknown}
 C - a potion of degeneration {unknown}
 E - 2 potions of attraction
 K - a potion of lignification {unknown}


   Skills:
 + Level 2.2 Fighting
 + Level 0.5(2.0) Short Blades
 + Level 3.1(3.2) Long Blades
 + Level 3.9 Dodging
 + Level 4.2 Stealth
 * Level 11.3 Spellcasting
 * Level 4.9 Invocations


You had 3 spell levels left.
You knew the following spells:

 Your Spells              Type           Power      Damage    Failure   Level
a - Foxfire               Conj/Fire      100%       2x1d9     1%          1
b - Conjure Flame         Conj/Fire      56%        6-21      1%          3
c - Inner Flame           Hex/Fire       56%        N/A       1%          3
d - Sticky Flame          Conj/Fire      56%        2d7       1%          4
e - Fireball              Conj/Fire      28%        3d12      1%          5
f - Sandblast             Erth           100%       2d20      1%          1
g - Corpse Rot            Necr/Air       N/A        N/A       1%          2
h - Swiftness             Air            56%        N/A       1%          3
i - Spider Form           Tmut/Pois      28%        N/A       1%          3
j - Dispel Undead         Necr           56%        3d20      1%          4
Your spell library was empty.

Dungeon Overview and Level Annotations

Branches:
Dungeon (10/15)            Temple (1/1) D:5            Lair (0/6) D:8
  Sewer (visited)          Bailey (visited)
    Orc: D:9-12

Altars:
Ashenzari
Elyvilon
Nemelex Xobeh
Okawaru
Uskayaw
Vehumet
Xom
The Shining One

Shops:
D:1 *   D:5 *


Innate Abilities, Weirdness & Mutations

You are immune to sickness and miasma.
You are immune to poison.
Your flesh is very heat resistant. (rF++)
You are vulnerable to cold. (rC-)
You float through the air rather than walking.
You learn spells naturally, not from books.
Your magical power is your life essence.
You have superior vitality. (+4 HP)


Message History

Okay, then.
Casting: Fireball (dangerous; 1% risk of failure)
Confirm with . or Enter, or press ? or * to list all spells.
Aiming: Fireball (dangerous; 1% risk of failure)
Press: ? - help, Shift-Dir - straight line The fireball explodes!
The fireball engulfs the orc!
You kill the orc!
Unknown command.
Unknown command.
Things that are here:
a +0 arbalest; 24 bolts; a +0 scale mail
Things that are here:
a +0 arbalest; 26 bolts; a +0 ring mail
There is a gate leading back out of this place here.
Items here: ( ) [ †.
Things that are here:
a +0 arbalest; 16 bolts; a +0 scale mail
Found a gate leading back out of this place.
There is a gate leading back out of this place here.
Found a gate leading back out of this place.
Done exploring.
Done exploring.
Done exploring.
Done exploring.
Search for what [Enter for "glov", or ? for help]? bail
There is a gate leading back out of this place here.
Welcome back to the Dungeon!
The yak bellows!
The acid dragon spits acid at you. The splash of acid hits you!
The acid corrodes you!
You are splashed with acid!
The two-headed ogre hits you with a +0 giant club.
The two-headed ogre misses you. The orc barely misses you.
The orc completely misses you. The troll bites you. The troll claws you!
The troll barely misses you. The orc closely misses you.
The troll bites you but does no damage. The troll claws you.
The troll misses you. The orc closely misses you.
The two-headed ogre hits you with a +0 giant club!!
* * * LOW HITPOINT WARNING * * *
The two-headed ogre hits you with a +0 giant club!
You die...

,,,,,,,,,,,,,,,,,,,,,,,,,,* *
******,,,.............,,,,*******
*,,,............,,,,,,,,,,,,
*,,,...........,,,,,,,,,,,,,
******,,,..........##***,,*******
,,,,,,,,,,,.........# *,,* *
,,,,,,,,****#.≈≈≈≈≈.# *,,* *
******,,* #.≈o>.≈.####,,*******
*,,* #.≈.@.≈D....,,,,,,,,, *,,*
##.≈ToO≈.oY..,,,,,,,,, ******,,*
#..≈≈≈≈≈.÷÷.#***,,**** ,,,,,,,,*
#....)o÷$#..# *,,* * ,,,,,,,<*
#.##..####..# *,,* * ******,,*
#.....####..#***,,****
*,,*######.........,,,,,,,,,
*,,,...............,,,,,,,,,
*,,,...............,,,******


You could see a two-headed ogre, a yak, a troll, an orc warrior, an acid dragon
and 3 orcs.

Vanquished Creatures
  An orc knight (Bailey)
  A cyclops (D:9)
  A troll (D:7)
  Grinder (Sewer)
  A hornet (D:8)
  A shadow (D:9)
  Sigmund (D:2)
  A wraith (D:9)
  13 yaks
  An acid dragon (D:7)
  4 water moccasins
  3 sky beasts
  8 orc warriors
  2 centaurs (D:9)
  A necrophage (Sewer)
  An ogre (D:4)
  A phantom (D:4)
  A kobold brigand (D:6)
  3 bullfrogs
  A scorpion (D:4)
  A wyvern zombie (D:7)
  4 killer bees (D:8)
  7 wights
  An electric eel (D:9)
  2 howler monkeys (D:9)
  2 centaur zombies (D:8)
  3 orc priests
  4 hounds
  A bullfrog skeleton (D:5)
  Jessica (D:2)
  5 iguanas
  6 orc wizards
  A killer bee zombie (D:8)
  2 howler monkey zombies (D:8)
  4 gnolls (D:3)
  2 adders
  2 shadow imps (Sewer)
  2 white imps (D:6)
  4 ufetubi (Sewer)
  An adder skeleton (D:4)
  2 worms
  A dart slug (D:2)
  43 orcs
  2 ball pythons
  5 bats
  7 endoplasms
  4 giant cockroaches
  14 goblins
  10 hobgoblins
  3 quokkas
  2 frilled lizards
  31 kobolds
  7 rats
233 creatures vanquished.

Vanquished Creatures (collateral kills)
  4 foxfires
4 creatures vanquished.

Vanquished Creatures (others)
  685 foxfires
  21 fungi (D:7)
  A plant (D:1)
707 creatures vanquished.

Grand Total: 944 creatures vanquished

Notes
Turn   | Place    | Note
-------+----------+-------------------------------------------
     0 | D:1      | robertstho the Djinni Fire Elementalist began the quest for
                  | the Orb.
     0 | D:1      | Reached XP level 1. HP: 15/15 MP: 0/0
   255 | D:1      | Reached XP level 2. HP: 20/21 MP: 0/0
   276 | D:1      | Found Emeoko's General Store.
   684 | D:1      | Reached skill level 3 in Spellcasting
   911 | D:1      | Reached XP level 3. HP: 22/25 MP: 0/0
   911 | D:1      | Learned a level 1 spell: Sandblast
   989 | D:1      | Found a faded altar of an unknown god.
  1633 | D:1      | Bought a potion of curing for 36 gold pieces
  1712 | D:2      | Noticed Sigmund
  1729 | D:2      | Killed Sigmund
  1730 | D:2      | Reached skill level 4 in Spellcasting
  1730 | D:2      | Reached XP level 4. HP: 3/31 MP: 0/0
  1730 | D:2      | Reached XP level 5. HP: 3/36 MP: 0/0
  1730 | D:2      | Learned a level 2 spell: Corpse Rot
  2011 | D:2      | Noticed Jessica
  2013 | D:2      | Killed Jessica
  2014 | D:2      | Reached XP level 6. HP: 27/41 MP: 0/0
  4363 | D:4      | Noticed an ogre
  4400 | D:3      | Reached skill level 5 in Spellcasting
  4582 | D:4      | Found a glowing drain.
  4599 | Sewer    | Entered a sewer
  4883 | Sewer    | Reached XP level 7. HP: 39/46 MP: 0/0
  4883 | Sewer    | Learned a level 3 spell: Swiftness
  5362 | Sewer    | Noticed Grinder
  5368 | Sewer    | Killed Grinder
  5369 | Sewer    | Reached skill level 6 in Spellcasting
  5369 | Sewer    | Reached XP level 8. HP: 44/51 MP: 0/0
  5937 | D:4      | Reached skill level 7 in Spellcasting
  6237 | D:4      | Identified the +5 ring mail of Failure {-Tele Rampage
                  | rElec}
  6673 | D:5      | Entered Level 5 of the Dungeon
  6927 | D:5      | Found a staircase to the Ecumenical Temple.
  6944 | Temple   | Entered the Ecumenical Temple
  7025 | Temple   | Became a worshipper of Elyvilon the Healer
  7262 | D:5      | Found Faymp's Serpentskin Sales.
  7270 | D:5      | Reached XP level 9. HP: 25/56 MP: 0/0
  7270 | D:5      | Learned a level 3 spell: Spider Form
  7276 | D:5      | Reached skill level 8 in Spellcasting
  7276 | D:5      | Reached skill level 1 in Invocations
  8222 | D:6      | Reached * piety under Elyvilon
  8615 | D:7      | Reached skill level 9 in Spellcasting
  9197 | D:7      | Noticed a troll
  9204 | D:7      | Reached ** piety under Elyvilon
  9205 | D:7      | Killed a troll
  9387 | D:7      | Found a hide-covered altar of Uskayaw.
  9651 | D:7      | Reached skill level 1 in Fighting
  9651 | D:7      | Reached XP level 10. HP: 26/62 MP: 0/0
 10044 | D:8      | Reached skill level 1 in Long Blades
 10201 | D:8      | Found a staircase to the Lair.
 10820 | D:8      | Found a glowing golden altar of the Shining One.
 10820 | D:8      | Found an iron altar of Okawaru.
 11683 | D:9      | Reached skill level 10 in Spellcasting
 11946 | D:9      | Reached *** piety under Elyvilon
 13103 | D:9      | Noticed a cyclops
 13106 | D:9      | Killed a cyclops
 13107 | D:9      | Reached XP level 11. HP: 53/68 MP: 0/0
 13107 | D:9      | Learned a level 4 spell: Dispel Undead
 13347 | D:10     | Entered Level 10 of the Dungeon
 13366 | D:10     | Found a flagged portal.
 13381 | D:10     | Noticed a two-headed ogre
 13384 | D:10     | Reached **** piety under Elyvilon
 13387 | Bailey   | Entered a bailey
 14069 | Bailey   | Reached skill level 11 in Spellcasting
 14415 | Bailey   | Noticed an orc knight
 14419 | Bailey   | Killed an orc knight
 14814 | D:10     | HP: 2/68 [two-headed ogre (25)]
 14814 | D:10     | Mangled by a two-headed ogre

Illustrated notes

Levels and vault maps discovered:
D:1:      minmay_arrival_four_circles, layout_basic, serial_shops,
          shop_fountains, shapermc_ecumenical_altar_mp_urbaneastern
D:2:      minmay_angry_zag, layout_basic, chequers_big_river, st_stairs_13,
          serial_bayou_pond_e, uniq_jessica, uniq_sigmund
D:3:      layout_basic
D:4:      layout_basic, cheibrodos_sewer_entry_drain, minmay_starry_boxes
D:5:      layout_rooms, minmay_temple_entry_trees, guppyfry_shop_venom
D:6:      layout_loops_ring, nicolae_vehumet_radiance
D:7:      layout_basic, mainiacjoe_overflow_chevrons, kennysheep_generic_room_14
D:8:      layout_basic, gammafunk_temple_overflow_elements, dpeg_oklobed_lair,
          lemuel_old_faithful
D:9:      layout_rooms, serial_co_window_serial, co_window_corner_a,
          co_window_corner_a, co_window_paths_a, co_window_corner_a,
          co_window_corner_a, co_window_cross_1, co_window_corner_a,
          co_window_corner_a, co_window_of_opportunity_a, co_window_2corner,
          co_window_paths_c, co_window_2corner, co_window_of_opportunity_b,
          co_window_corner_b, glass_columns_a, glass_columns_c, lightli_minifort
D:10:     layout_small_grid, enter_bailey_5, gammafunk_ghost_smash
Temple:   dpeg_five_rooms_temple

Skill      XL: |  1  2  3  4  5  6  7  8  9 10 11 |
---------------+----------------------------------+-----
Spellcasting   | 3 4 5 6 7 9 10 11 | 11.3
Stealth        | 2 3 4 |  4.2
Dodging        | 3 |  3.9
Invocations    | 2 4 |  4.9
Fighting       | 1 2 |  2.2
Long Blades    | 3 |  3.1
Short Blades   | |  0.5

Action                   |  1- 3 |  4- 6 |  7- 9 | 10-12 || total
-------------------------+-------+-------+-------+-------++-------
Melee: Dagger            |    25 |       |     1 |       ||    26
       Scimitar          |       |       |    22 |     5 ||    27
 Cast: Foxfire           |    61 |   135 |   196 |    36 ||   428
       Sticky Flame      |       |       |    16 |     1 ||    17
       Fireball          |       |       |     7 |   101 ||   108
  Use: Potion            |     1 |       |     1 |       ||     2
       Scroll            |       |       |     2 |     6 ||     8
 Stab: Sleeping          |     3 |       |       |       ||     3
       Distracted        |       |       |     1 |       ||     1
Armor: Robe              |     1 |     6 |    19 |     5 ||    31
Dodge: Dodged            |    13 |    12 |    29 |    15 ||    69
       Rpst.: Scimitar   |       |       |     4 |     1 ||     5

Table legend: (Time is in decaauts)
 A = Elapsed time spent in this place.
 B = Non-inter-level travel time spent in this place.
 C = Inter-level travel time spent in this place.
 D = Time resting spent in this place.
 E = Time spent auto-exploring this place.
 F = Levels seen in this place.
 G = Mean time per level.
                   A        B        C        D        E       F      G
               +--------+--------+--------+--------+--------+-----+--------+
         Total |  14820 |  14438 |    382 |    670 |  12201 |  13 | 1140.0 |
       Dungeon |  12424 |  12071 |    353 |    312 |  10514 |  10 | 1242.4 |
        Temple |    112 |     83 |     29 |      0 |     68 |   1 |  112.0 |
         Sewer |    856 |    856 |      0 |      0 |    680 |   1 |  856.0 |
        Bailey |   1426 |   1426 |      0 |    358 |    939 |   1 | 1426.0 |
               +--------+--------+--------+--------+--------+-----+--------+

Top non-repeatable levels by time:
     D:9: 1743 daAuts
     D:1: 1639 daAuts
     D:7: 1613 daAuts
     D:8: 1582 daAuts
     D:3: 1447 daAuts
  Bailey: 1426 daAuts
     D:2: 1405 daAuts
     D:4: 1322 daAuts
     D:6: 869 daAuts
   Sewer: 856 daAuts
     D:5: 761 daAuts
  Temple: 112 daAuts
    D:10: 39 daAuts
